 Dungeon Crawl Stone Soup version 0.23.2 (webtiles) character file.

Game seed: 8097995119034734963

35 Kairos the Skirmisher (level 3, -16/30 HPs)
             Began as a Formicid Abyssal Knight on Apr 9, 2019.
             Was a Follower of Lugonu.
             Killed from afar by a wretched star (27 damage)
             ... with an orb of energy
             ... on level 1 of the Abyss.
             The game lasted 00:00:44 (155 turns).

Kairos the Skirmisher (Formicid Abyssal Knight)      Turns: 155, Time: 00:00:44

Health: -16/30     AC:  3    Str: 13    XL:     3   Next: 52%
Magic:  4/4        EV: 11    Int:  7    God:    Lugonu [*.....]
Gold:   19         SH:  0    Dex: 10    Spells: 2/2 levels left

rFire    . . .     SeeInvis +   a - +1 spear
rCold    . . .     Gourm    .   (no shield)
rNeg     . . .     Faith    .   b - +0 leather armour
rPois    .         Spirit   .   (helmet unavailable)
rElec    .         Reflect  .   (no cloak)
rCorr    .         Harm     .   (no gloves)
MR       .....                  (no boots)
Stlth    ++........             (no amulet)
HPRegen  0.10/turn              f - ring of stealth
MPRegen  0.09/turn              (no ring)

@: no status effects
A: permanent stasis, dig shafts and tunnels, four strong arms, antennae 3,
[blurry vision 2], [dopey 2], [weak 2]
a: Dig, Shaft Self, Depart the Abyss, Renounce Religion


You were on level 1 of the Abyss.
You worshipped Lugonu.
Lugonu was aware of your devotion.
You were not hungry.

You visited 0 branches of the dungeon, and saw 0 of its levels.
You visited the Abyss 1 time.

You collected 19 gold pieces.

Inventory:

Hand Weapons
 a - a +1 spear (weapon)
Armour
 b - a +0 leather armour (worn)
Jewellery
 f - a ring of stealth (left hand)
Scrolls
 e - a scroll of identify {unknown}
Potions
 d - a potion of brilliance {unknown}
Comestibles
 c - a ration


   Skills:
 + Level 4.3 Fighting
 + Level 2.2 Polearms
 + Level 2.4 Armour
 + Level 0.9 Dodging
 + Level 2.4 Invocations


You had 2 spell levels left.
You didn't know any spells.
Your spell library was empty.

Dungeon Overview and Level Annotations

Branches:
Dungeon (0/15)

Altars:


Innate Abilities, Weirdness & Mutations

You cannot be hasted, slowed, berserked, paralysed or teleported.
You can dig through walls and to a lower floor.
Your four strong arms can wield two-handed weapons with a shield.
You have a pair of large antennae on your head. (SInv)
[Scrolls take you longer to read.]
[You are very dopey. (Int -4)]
[You are very weak. (Str -4)]


Message History

Found a ruby ring.
You now have 19 gold pieces.
f - a ruby ring
f - a ring of stealth (left hand)
A wretched star comes into view.
A wretched star comes into view.
The wretched star pulses with an eldritch light!
Your vision blurs. x2
The wretched star pulses with an eldritch light!
You feel stupid. x2
The wretched star glows turbulently.
The orb of energy hits you!!
Ouch! That really hurt!
The orb of energy explodes!
The wretched star pulses with an eldritch light!
You feel weaker. x2
Okay, then.
The wretched star glows turbulently.
The orb of energy hits you!!
Ouch! That really hurt!
You die...

. ## ###. .# .
#... ..#.. #..#
... ..
##.......### .#
#..#...#.#..#..
.# ##.....# .#..
#...#.##@# #..#
#.. .#...#...#
........#..## ..
.#....#.*#..#...
..#.#####.##..#
####..#.###....#
. #.# ..*......#
#....
#....ยง##.#
{#.####.##..#.
## # .


You could see a wretched star.

Vanquished Creatures
  A crimson imp (Abyss:1)
1 creature vanquished.

Notes
Turn   | Place    | Note
-------+----------+-------------------------------------------
     0 | Abyss:1  | Kairos the Formicid Abyssal Knight began the quest for the
                  | Orb.
     0 | Abyss:1  | Reached XP level 1. HP: 18/18 MP: 2/2
    83 | Abyss:1  | Noticed a large abomination
    87 | Abyss:1  | Noticed a crimson imp
   115 | Abyss:1  | Killed a crimson imp
   115 | Abyss:1  | Reached skill level 4 in Fighting
   115 | Abyss:1  | Reached XP level 2. HP: 24/25 MP: 3/3
   115 | Abyss:1  | Reached XP level 3. HP: 29/30 MP: 4/4
   142 | Abyss:1  | Noticed a wretched star
   145 | Abyss:1  | Noticed a wretched star
   155 | Abyss:1  | Killed from afar by a wretched star

Skill      XL: |  1 |
---------------+----+-----
Fighting       | 4 |  4.3
Polearms       | |  2.2
Armour         | |  2.4
Dodging        | |  0.9
Invocations    | |  2.4

Action                   || total
-------------------------++-------
Melee: Spear             ||     6
Armor: Leather armour    ||     1
Dodge: Dodged            ||     2
